 Dungeon Crawl Stone Soup version 0.28-a0-895-g6e5f11bd55 (webtiles) character file.

Game seed: 2637002136868375008

5314 ytrimaz the Cleaver (level 10, -8/77 HPs)
             Began as a Demonspawn Fighter on Nov 22, 2021.
             Was a Believer of Okawaru.
             Mangled by a vampire (9 damage)
             ... on level 9 of the Dungeon.
             The game lasted 00:09:40 (9149 turns).

ytrimaz the Cleaver (Demonspawn Fighter)            Turns: 9149, Time: 00:09:41

Health: -8/77      AC: 16    Str: 21    XL:     10   Next: 37%
Magic:  10/10      EV:  6    Int:  9    God:    Okawaru [**....]
Gold:   553        SH:  6    Dex: 12    Spells: 9/9 levels left

rFire   + . .      SeeInvis .   a - +0 war axe (spect)
rCold   + . .      Faith    .   c - +1 buckler
rNeg    . . .      Spirit   .   t - +0 plate armour
rPois   +          Reflect  .   (no helmet)
rElec   .          Harm     .   q - scarf {rC+ rF+}
rCorr   .          Rampage  .   (no gloves)
Will    +....                   J - +0 pair of boots
Stlth   ..........              R - amulet of regeneration
HPRegen 1.22/turn               n - ring of willpower
MPRegen 0.12/turn               B - ring of poison resistance

@: no status effects
A: hooves 1, slimy green scales 1, powered by pain 2
a: Renounce Religion, Heroism


You were on level 9 of the Dungeon.
You worshipped Okawaru.
Okawaru was pleased with you.
You visited 2 branches of the dungeon, and saw 10 of its levels.
You also visited: Ossuary.

You collected 553 gold pieces.

Inventory:

Hand Weapons
 a - a +0 spectral war axe (weapon)
 y - a +1 broad axe of flaming
 C - a +0 battleaxe
Missiles
 A - 10 boomerangs (quivered)
 H - 42 poisoned darts
Armour
 c - a +1 buckler (worn)
 q - a scarf of resistance (worn)
 t - a +0 plate armour (worn)
 J - a +0 pair of boots (worn)
Jewellery
 n - a ring of willpower (left hand)
 B - a ring of poison resistance (right hand)
 L - a ring of fire
 P - a ring of fire
 R - an amulet of regeneration (around neck)
Wands
 d - a wand of digging (7)
 i - a wand of flame (34)
 j - a wand of mindburst (19)
 u - a wand of polymorph (13)
 D - a wand of iceblast (17)
 F - a wand of paralysis (17)
Scrolls
 f - 4 scrolls of amnesia
 g - 2 scrolls of immolation
 h - 9 scrolls of teleportation
 k - a scroll of fog
 p - 2 scrolls of enchant armour
 v - 2 scrolls of identify
 x - a scroll of blinking
 I - 2 scrolls of enchant weapon
 K - a scroll of silence {unknown}
 M - 2 scrolls of fear
Potions
 b - 3 potions of mutation
 e - a potion of cancellation {unknown}
 l - a potion of invisibility {unknown}
 m - a potion of resistance {unknown}
 o - 3 potions of attraction {unknown}
 r - 3 potions of curing
 s - 2 potions of heal wounds {unknown}
 w - a potion of berserk rage {unknown}
 z - 3 potions of flight {unknown}
 E - a potion of might
 G - a potion of lignification {unknown}
 O - a potion of haste
 Q - 3 potions of magic


   Skills:
 + Level 6.7 Fighting
 + Level 10.3 Axes
 + Level 7.8 Armour
 + Level 4.8 Shields


You had 9 spell levels left.
You didn't know any spells.
Your spell library contained the following spells:

 Spells                   Type           Power      Damage    Failure   Level
 Apportation              Tloc           0%         N/A       100%        1
 Foxfire                  Conj/Fire      0%         2x1d4     100%        1
 Pain                     Necr           0%         1d4       100%        1
 Conjure Flame            Conj/Fire      0%         6-21      100%        3
 Inner Flame              Hex/Fire       0%         N/A       100%        3
 Vampiric Draining        Necr           0%         2d6       100%        3
 Flame Wave               Conj/Fire      0%         3d3       100%        4
 Alistair's Intoxication  Tmut/Pois      0%         N/A       100%        5
 Blade Hands              Tmut           0%         N/A       100%        5
 Iron Shot                Conj/Erth      0%         9d1       100%        6
 Animate Skeleton         Necr           Unusable   N/A       N/A         1
 Animate Armour           Summ/Erth      Unusable   N/A       N/A         4

Dungeon Overview and Level Annotations

Branches:
Dungeon (9/15)             Temple (1/1) D:7         Ossuary (visited)
   Lair: D:8-11         Orc: D:9-12

Altars:
Cheibriados
Dithmenos
Elyvilon
Hepliaklqana
Kikubaaqudgha
Makhleb
Nemelex Xobeh
Okawaru
Qazlal
Ru
Sif Muna
Trog
Uskayaw
Vehumet
Wu Jian
Xom
Yredelemnul
Zin

Annotations:
D:9 1 transporter, AltoTato's ghost, novice DrBe


Innate Abilities, Weirdness & Mutations

You have large cloven feet.
You are partially covered in slimy green scales. (AC +2)
You sometimes gain power by taking damage.


Message History

The vampire bites you but does no damage.
You slash the vampire!
The vampire is almost destroyed.
The vampire casts a spell.
The vampire flickers and vanishes!
Deactivating autopickup; reactivate with Ctrl-A.
You hit something. Something draws life force from you!
You barely miss something. You block something's attack. x2
You closely miss something. Something hits you but does no damage.
Something bites you!
Something draws strength from your injuries!
You hit something. Something hits you but does no damage. Something bites you.
Something draws strength from your injuries!
You closely miss something. Something hits you!
Something bites you but does no damage.
You barely miss something. Something completely misses you.
Something bites you.
Something draws strength from your injuries!
You hit something. Something hits you but does no damage.
Something bites you but does no damage.
You barely miss something. You block something's attack.
Something bites you but does no damage.
You slash something! Something draws life force from you!
You hit something but do no damage. Something completely misses you.
Something bites you but does no damage.
You miss something. You block something's attack.
Something bites you but does no damage.
You slash something! You block something's attack.
Something bites you but does no damage.
You miss something. Something draws life force from you!
You hit something but do no damage. Something hits you but does no damage.
Something bites you.
Something draws strength from your injuries!
You slash something! Something draws life force from you.
You barely miss something. Something draws life force from you!!
* * * LOW HITPOINT WARNING * * *
You closely miss something. Something hits you!
* * * LOW HITPOINT WARNING * * *
Something bites you!
You die...

###.# #.# ##
#.# ### #)#
.#######.# ..#
#.# .........#
#.# ####.#
.#######.# #.#
#....# ### #.#
#.# #.#### #.##
#.# #.# #.#
.#.## #.# #{#
#.# #.#.####.#
#@# #.#
.......... #.#
#.# #.#.####..
#.# #.# .#.##
#.## # #.#
#......
######..##.#
#.# ##>####
............#
#.# ...#
########.####
#.# ####
###.########.#
.....
##............#


There were no monsters in sight!

Vanquished Creatures
  Pikel (D:8)
  Maurice (D:8)
  Joseph (D:7)
  Maggie (D:6)
  A hornet (D:8)
  Sigmund (D:3)
  A water moccasin (D:7)
  2 orc warriors
  A hornet zombie (Ossuary)
  A necrophage (D:7)
  A black bear (D:5)
  An ice beast (D:8)
  A centaur (D:9)
  4 ogres
  A phantom (D:6)
  4 lemures (D:8)
  A kobold brigand (D:8)
  2 bullfrogs
  A gnoll sergeant (D:7)
  A wyvern zombie (Ossuary)
  A scorpion (D:7)
  3 water moccasin zombies (Ossuary)
  A water moccasin skeleton (D:7)
  5 killer bees (D:8)
  A howler monkey (D:5)
  11 bullfrog zombies
  2 centaur zombies (Ossuary)
  6 hounds
  2 jellies
  2 orc priests
  2 iguanas (D:6)
  2 gnoll shamans
  12 mummies (Ossuary)
  Jessica (D:2)
  5 orc wizards
  2 howler monkey zombies
  Robin (D:3)
  13 gnolls
  7 adders
  3 ufetubi
  3 worms
  2 dart slugs
  17 orcs
  2 bats (D:2)
  7 endoplasms
  4 giant cockroaches
  12 hobgoblins
  3 jackals (D:2)
  2 quokkas
  4 ball pythons
  3 frilled lizards
  22 goblins
  6 kobolds
  5 rats
202 creatures vanquished.

Vanquished Creatures (others)
  6 withered plants (Ossuary)
6 creatures vanquished.

Grand Total: 208 creatures vanquished

Notes
Turn   | Place    | Note
-------+----------+-------------------------------------------
     0 | D:1      | ytrimaz the Demonspawn Fighter began the quest for the Orb.
     0 | D:1      | Reached XP level 1. HP: 18/18 MP: 1/1
   291 | D:1      | Found a faded altar of an unknown god.
   302 | D:1      | Gained mutation: You are partially covered in slimy green
                  | scales. (AC +2) [demonic ancestry]
   302 | D:1      | Reached XP level 2. HP: 24/24 MP: 2/2
   826 | D:1      | Reached skill level 2 in Axes
  1237 | D:2      | Gained mutation: You sometimes gain a little power by
                  | taking damage. [demonic ancestry]
  1237 | D:2      | Reached XP level 3. HP: 29/29 MP: 3/3
  1897 | D:2      | Noticed Jessica
  1900 | D:2      | Killed Jessica
  1901 | D:2      | Reached skill level 3 in Axes
  1901 | D:2      | Reached XP level 4. HP: 30/35 MP: 4/4
  2053 | D:3      | Noticed Robin
  2069 | D:3      | Killed Robin
  2329 | D:3      | Gained mutation: You have large cloven feet. [demonic
                  | ancestry]
  2329 | D:3      | Reached XP level 5. HP: 36/41 MP: 5/5
  2457 | D:3      | Found a shadowy altar of Dithmenos.
  2457 | D:3      | Found a bloodstained altar of Trog.
  2904 | D:3      | Reached skill level 4 in Axes
  2957 | D:3      | Noticed Sigmund
  2968 | D:3      | Killed Sigmund
  2969 | D:3      | Reached XP level 6. HP: 45/48 MP: 6/6
  3385 | D:4      | Noticed an orc warrior
  3396 | D:4      | Killed an orc warrior
  3397 | D:4      | Reached skill level 5 in Axes
  3398 | D:4      | Reached XP level 7. HP: 54/54 MP: 7/7
  3659 | D:4      | Found a glowing drain.
  4172 | D:5      | Entered Level 5 of the Dungeon
  4251 | D:5      | Reached skill level 6 in Axes
  4432 | D:5      | Identified the +1 short sword of Usellihy {vorpal, rPois
                  | rCorr Str+4 Dex-4}
  4461 | D:5      | Found a burning altar of Makhleb.
  4912 | D:6      | Reached XP level 8. HP: 51/61 MP: 8/8
  5080 | D:6      | Noticed Maggie
  5109 | D:6      | Killed Maggie
  5110 | D:6      | Reached skill level 7 in Axes
  5110 | D:6      | Reached skill level 5 in Armour
  5562 | D:6      | Reached skill level 5 in Fighting
  6372 | D:7      | Found a hide-covered altar of Uskayaw.
  6432 | D:7      | Found a snail-covered altar of Cheibriados.
  6472 | D:7      | Gained mutation: You sometimes gain power by taking damage.
                  | [demonic ancestry]
  6472 | D:7      | Reached XP level 9. HP: 67/68 MP: 9/9
  6489 | D:7      | Found a staircase to the Ecumenical Temple.
  6535 | D:7      | Reached skill level 8 in Axes
  6568 | Temple   | Entered the Ecumenical Temple
  6701 | Temple   | Became a worshipper of Warmaster Okawaru
  6883 | D:7      | Noticed Joseph
  6894 | D:7      | Killed Joseph
  7287 | D:8      | Noticed Pikel
  7305 | D:8      | Killed Pikel
  7305 | D:8      | Reached * piety under Okawaru
  7306 | D:8      | Reached skill level 9 in Axes
  7642 | D:8      | Noticed Maurice
  7670 | D:8      | Killed Maurice
  7671 | D:8      | Reached XP level 10. HP: 55/76 MP: 10/10
  7723 | D:8      | Found a sand-covered staircase.
  7728 | Ossuary  | Entered an ossuary
  7864 | Ossuary  | Reached ** piety under Okawaru
  7888 | Ossuary  | Reached skill level 10 in Axes
  9007 | D:9      | Found a transporter.
  9018 | D:9      | Noticed a moth of wrath
  9020 | D:9      | Noticed AltoTato's ghost (novice DrBe)
  9149 | D:9      | HP: 1/77 [something (8)]
  9149 | D:9      | Mangled by a vampire

Illustrated notes

Levels and vault maps discovered:
D:1:      wander_arrival_desolate, layout_loops_ring,
          shapermc_ecumenical_altar_mp_highgroup
D:2:      layout_loops_ring, uniq_jessica
D:3:      layout_loops_ring, gammafunk_temple_overflow_wave,
          hangedman_abyss_or_decor_lesser_grid, glass_columns_a,
          hangedman_decor_opposing, uniq_sigmund, uniq_robin
D:4:      layout_loops_corners, gup_sewer_entry_glass, chequers_mini_garden
D:5:      layout_loops_cross, kennysheep_mini_moat
D:6:      layout_basic, uniq_maggie
D:7:      layout_gridville, eat_drink_and_be_merry_uskayaw,
          mainiacjoe_overflow_tiny_flanked, temple_pool_b,
          eino_small_chamber_without_monster, uniq_joseph
D:8:      layout_basic, enter_ossuary_2, uniq_maurice, uniq_pikel
D:9:      layout_loops_ring, mainiacjoe_overflow_alcove_1,
          fedhas_altar_fruit_tree, gammafunk_ghost_berserking_beasts
Temple:   nicolae_temple_god_jail

Skill      XL: |  1  2  3  4  5  6  7  8  9 10 |
---------------+-------------------------------+-----
Axes           | 2 3 4 5 6 7 9 10 | 10.3
Shields        | 3 4 |  4.8
Armour         | 3 4 6 7 |  7.8
Fighting       | 4 5 6 |  6.7

Action                   |  1- 3 |  4- 6 |  7- 9 | 10-12 || total
-------------------------+-------+-------+-------+-------++-------
Melee: War axe           |    80 |    67 |   188 |   108 ||   443
       Kick              |       |    12 |    65 |    24 ||   101
  Use: Scroll            |     6 |     2 |     3 |     6 ||    17
       Potion            |       |       |     3 |       ||     3
 Stab: Distracted        |       |       |     3 |     1 ||     4
Armor: Scale mail        |    37 |    25 |     2 |       ||    64
       Plate armour      |       |       |   131 |    53 ||   184
Dodge: Dodged            |    35 |    21 |    57 |    20 ||   133
Block: Buckler           |    14 |    18 |    63 |    21 ||   116

Table legend: (Time is in decaauts)
 A = Elapsed time spent in this place.
 B = Non-inter-level travel time spent in this place.
 C = Inter-level travel time spent in this place.
 D = Time resting spent in this place.
 E = Time spent auto-exploring this place.
 F = Levels seen in this place.
 G = Mean time per level.
                   A        B        C        D        E       F      G
               +--------+--------+--------+--------+--------+-----+--------+
         Total |   9253 |   9056 |    197 |   1789 |   5604 |  11 |  841.2 |
       Dungeon |   8468 |   8284 |    184 |   1465 |   5349 |   9 |  940.9 |
        Temple |    147 |    134 |     13 |      0 |     91 |   1 |  147.0 |
       Ossuary |    637 |    637 |      0 |    324 |    163 |   1 |  637.0 |
               +--------+--------+--------+--------+--------+-----+--------+

Top non-repeatable levels by time:
     D:6: 1344 daAuts
     D:1: 1241 daAuts
     D:4: 1079 daAuts
     D:3: 1073 daAuts
     D:8: 1066 daAuts
     D:7: 903 daAuts
     D:2: 840 daAuts
     D:5: 704 daAuts
 Ossuary: 637 daAuts
     D:9: 214 daAuts
  Temple: 147 daAuts
